 Dungeon Crawl Stone Soup version 0.18.1-48-g4cf74bf (webtiles) character file.

633 Inkary the Skirmisher (level 7, -11/61 HPs)
             Began as a Hill Orc Fighter on Aug 26, 2016.
             Mangled by Menkaure (22 damage)
             ... on level 6 of the Dungeon.
             The game lasted 00:04:54 (4744 turns).

Inkary the Skirmisher (Hill Orc Fighter)            Turns: 4744, Time: 00:04:54

Health: -11/61     AC: 10    Str: 24    XL:     7   Next: 49%
Magic:  7/7        EV:  8    Int:  8    God:
Gold:   321        SH: 10    Dex: 12    Spells: 0 memorised, 6 levels left

rFire  . . .     SeeInvis +     A - +0 war axe (venom)
rCold  . . .     Gourm    .     b - +0 scale mail
rNeg   . . .     Faith    .     c - +0 shield
rPois  .         Spirit   .     w - +0 helmet
rElec  .         Dismiss  .     s - +0 cloak
rCorr  .         Reflect  .     E - +0 pair of gloves
SustAt .         Harm     +     (no boots)
MR     +....                    F - amulet of harm
Stlth  ..........               t - ring of see invisible
                                y - ring of protection from magic

@: mighty, somewhat resistant to hostile enchantments, extremely unstealthy
A: no striking features
a: no special abilities


You were on level 6 of the Dungeon.
You were very hungry.

You visited 1 branch of the dungeon, and saw 6 of its levels.

You collected 321 gold pieces.

Inventory:

Hand Weapons
 A - a +0 war axe of venom (weapon)
Missiles
 r - 2 throwing nets (quivered)
Armour
 b - a +0 scale mail (worn)
 c - a +0 shield (worn)
 s - a +0 cloak (worn)
 w - a +0 helmet (worn)
 E - a +0 pair of gloves (worn)
Jewellery
 t - a ring of see invisible (right hand)
 y - a ring of protection from magic (left hand)
 F - an amulet of harm (around neck)
Scrolls
 a - a scroll of enchant armour {unknown}
 h - a scroll of remove curse
 k - a scroll of fear
 n - a scroll of teleportation
 u - 4 scrolls of identify
 D - a scroll of enchant weapon {unknown}
 G - a scroll of recharging
Potions
 d - a potion of might
 e - a potion of flight {unknown}
 i - 3 potions of brilliance
 j - a potion of magic {unknown}
 m - 2 potions of curing {unknown}
 p - 2 potions of degeneration
 v - a potion of lignification {unknown}
 z - a potion of invisibility {unknown}
 B - a potion of agility {unknown}
Books
 x - a book of the Sky

   Spells                             Type                      Level
   a - Summon Lightning Spire         Summoning/Air                4
   b - Airstrike                      Air                          4
   c - Silence                        Hexes/Air                    5
   d - Deflect Missiles               Charms/Air                   6
   e - Conjure Ball Lightning         Conjuration/Air              6
   f - Tornado                        Air                          9
Comestibles
 f - 4 bread rations
 g - a meat ration
 l - a slice of pizza
 o - a beef jerky
 q - 2 fruits


   Skills:
 + Level 5.6 Fighting
 + Level 5.5 Axes
 + Level 2.5 Throwing
 + Level 4.8 Armour
 + Level 5.2 Shields


You had 6 spell levels left.
You didn't know any spells.

Dungeon Overview and Level Annotations

Branches:
Dungeon (6/15)             Temple (0/1) D:6

Altars:
Nemelex Xobeh
Xom

Annotations:
D:6 Menkaure


Message History

You slash Menkaure!
Menkaure is heavily damaged.
Menkaure gestures at you while chanting.
You resist with some effort.
You barely miss Menkaure.
Menkaure is heavily damaged.
You block Menkaure's attack. x2
You closely miss Menkaure.
Menkaure is heavily damaged.
Menkaure hits you!
* * * LOW HITPOINT WARNING * * *
You block Menkaure's attack.
Your scale mail prevents you from hitting Menkaure.
Menkaure is heavily damaged.
Menkaure gestures at you while chanting.
You resist with some effort.
You hit Menkaure.
Menkaure is almost destroyed.
Menkaure hits you!!
You die...

#. #...###
#.#####.#...#
####.......###.#
........#### #.#
...####..#####.#
##.##....#
#..#....# #
##......########
..###....@........
#$...#...M......#
####............##
##.............
#............#
###)##.##^##.#
#.........#
#..............
#.#..⌠...⌠..##.


You could see Menkaure.

Vanquished Creatures
  An ogre (D:4)
  A centaur (D:5)
  2 scorpions
  A howler monkey (D:5)
  A quasit (D:4)
  A jelly (D:5)
  An orc wizard (D:4)
  Crazy Yiuf (D:4)
  3 worker ants
  3 adders (D:3)
  A shadow imp (D:5)
  2 oozes
  2 adder skeletons
  2 worms
  3 dart slugs
  3 giant geckos
  7 orcs
  4 giant cockroaches
  6 goblins
  4 hobgoblins (D:1)
  12 jackals
  7 kobolds
  2 quokkas
  3 bats
  2 giant newts (D:2)
  A quokka skeleton (D:4)
  5 rats
81 creatures vanquished.

Notes
Turn   | Place    | Note
--------------------------------------------------------------
     0 | D:1      | Inkary the Hill Orc Fighter began the quest for the Orb.
     0 | D:1      | Reached XP level 1. HP: 19/19 MP: 1/1
    35 | D:1      | Reached XP level 2. HP: 23/27 MP: 2/2
   422 | D:1      | Reached XP level 3. HP: 33/33 MP: 3/3
  1412 | D:3      | Reached XP level 4. HP: 40/40 MP: 4/4
  1915 | D:4      | Reached XP level 5. HP: 22/47 MP: 5/5
  1921 | D:4      | Reached skill level 1 in Throwing
  2689 | D:4      | Reached XP level 6. HP: 50/55 MP: 6/6
  2941 | D:4      | Reached skill level 5 in Fighting
  3283 | D:4      | Noticed Crazy Yiuf
  3288 | D:4      | Killed Crazy Yiuf
  3545 | D:5      | Entered Level 5 of the Dungeon
  3605 | D:5      | Found a shimmering altar of Xom.
  3613 | D:5      | Found a shimmering altar of Xom.
  3615 | D:5      | Found a shimmering altar of Xom.
  3615 | D:5      | Found a shimmering altar of Xom.
  3616 | D:5      | Found a shimmering altar of Xom.
  3616 | D:5      | Found a shimmering altar of Xom.
  3619 | D:5      | Found a shimmering altar of Xom.
  3729 | D:5      | Reached skill level 5 in Shields
  3902 | D:5      | Reached skill level 5 in Axes
  3994 | D:5      | Reached XP level 7. HP: 61/61 MP: 7/7
  4066 | D:5      | Found a sparkling altar of Nemelex Xobeh.
  4717 | D:6      | Found a staircase to the Ecumenical Temple.
  4727 | D:6      | Noticed Menkaure
  4744 | D:6      | Mangled by Menkaure

Skill      XL: |  1  2  3  4  5  6 |
---------------+-------------------+-----
Axes           | 3 4 5 |  5.5
Fighting       | 4 5 |  5.6
Shields        | 4 5 |  5.2
Throwing       | 1 2 |  2.5
Armour         | 4 |  4.8

Action                   |  1- 3 |  4- 6 |  7- 9 || total
-------------------------+-------+-------+-------++-------
Melee: War axe           |   149 |   111 |    24 ||   284
  Use: Scroll            |       |    10 |       ||    10
       Potion            |       |       |     3 ||     3
  Eat: Chunk             |     2 |     7 |     2 ||    11
Armor: Scale mail        |    76 |    12 |     9 ||    97
       Leather armour    |       |    39 |       ||    39
Dodge: Dodged            |    48 |    44 |     3 ||    95
Block: Shield            |    82 |    56 |    12 ||   150
